 Dungeon Crawl Stone Soup version 0.29-a0-380-gf50f0a9fbc (webtiles) character file.

Game seed: 13671064317464351782

327 happo123 the Ruffian (level 6, -8/61 HPs)
             Began as a Troll Berserker on May 5, 2022.
             Was a Priest of Trog.
             Mangled by a gnoll
             ... wielding a +0 halberd
             ... led by a gnoll shaman
              (11 damage)
             ... on level 4 of the Dungeon.
             The game lasted 00:12:13 (1627 turns).

happo123 the Ruffian (Troll Berserker)              Turns: 1627, Time: 00:12:13

Health: -8/61      AC:  4    Str: 28    XL:     6   Next: 24%
Magic:  5/5        EV: 10    Int:  3    God:    Trog [***...]
Gold:   155        SH:  0    Dex:  9    Spells: 5/5 levels left

rFire   . . .      SeeInvis .     - Unarmed
rCold   . . .      Faith    .   (no shield)
rNeg    . . .      Spirit   .   a - +0 animal skin
rPois   +          Reflect  .   (helmet restricted)
rElec   .          Harm     .   (no cloak)
rCorr   .          Rampage  .   (gloves unavailable)
Will    .....                   (boots unavailable)
Stlth   +.........              (no amulet)
HPRegen 1.00/turn               k - ring of poison resistance
MPRegen 0.09/turn               (no ring)

@: on berserk cooldown, slowed, very slow
A: large, unfitting armour, claws 3, regeneration 1, shaggy fur 1, tough skin 1
a: Renounce Religion, Berserk, Trog's Hand


You were on level 4 of the Dungeon.
You worshipped Trog.
Trog was most pleased with you.
You visited 1 branch of the dungeon, and saw 4 of its levels.

You collected 155 gold pieces.

Inventory:

Hand Weapons
 h - a +1 flail of protection
 p - the +5 rapier "Nivofeh" {vorpal, rPois}
   (You found it on level 4 of the Dungeon)

   It inflicts extra damage upon your enemies.
   rPois:     It protects you from poison.
Armour
 a - a +0 animal skin (worn)
Jewellery
 k - a ring of poison resistance (left claw)
Wands
 o - a wand of polymorph (7)
Scrolls
 b - 3 scrolls of identify {unknown}
 c - 4 scrolls of noise {unknown}
 f - a scroll of immolation {unknown}
 j - a scroll of enchant armour {unknown}
 l - a scroll of magic mapping {unknown}
 m - 2 scrolls of vulnerability {unknown}
 n - a scroll of teleportation {unknown}
 q - a scroll of silence {unknown}
Potions
 d - 4 potions of curing {unknown}
 e - a potion of resistance {unknown}
 g - a potion of cancellation {unknown}
 i - 2 potions of berserk rage {unknown}
 r - a potion of might {unknown}
 s - a potion of attraction {unknown}


   Skills:
 + Level 3.2 Fighting
 + Level 3.0 Maces & Flails
 + Level 3.7 Dodging
 + Level 0.3 Stealth
 + Level 4.1 Unarmed Combat


You had 5 spell levels left.
You didn't know any spells.
Your spell library was empty.

Dungeon Overview and Level Annotations

Branches:
Dungeon (4/15)
 Temple: D:4-7

Altars:
Ru


Innate Abilities, Weirdness & Mutations

You are too large for most types of armour.
You have claws for hands.
Your natural rate of healing is unusually fast.
You are covered in fur. (AC +1)
You have tough skin. (AC +1)


Message History

Your Maces & Flails skill increases to level 3!
You barely miss the gnoll. The gnoll barely misses you.
A gnoll comes into view. It is wielding a +0 long sword.
The gnoll hits you with a +0 whip.
* * * LOW HITPOINT WARNING * * *
The gnoll barely misses you.
You completely miss the gnoll.
The gnoll shouts!
The gnoll hits you with a +0 halberd!
* * * LOW HITPOINT WARNING * * *
The gnoll closely misses you. The gnoll hits you with a +0 club.
* * * LOW HITPOINT WARNING * * *
You closely miss the gnoll. The gnoll misses you.
The gnoll hits you but does no damage. The gnoll completely misses you.
You bludgeon the gnoll!!
You kill the gnoll!
Trog accepts your kill.
You barely miss the gnoll. The gnoll hits you with a +0 halberd.
* * * LOW HITPOINT WARNING * * *
The gnoll hits you but does no damage.
You hit the gnoll.
The gnoll is heavily wounded.
The gnoll closely misses you. The gnoll hits you but does no damage.
You hit the gnoll.
The gnoll is almost dead.
The gnoll hits you but does no damage. x3
You closely miss the gnoll.
The gnoll is almost dead.
You are no longer berserk.
You are exhausted.
You feel yourself slow down.
The gnoll hits you but does no damage. x2
The gnoll hits you with a +0 halberd.
* * * LOW HITPOINT WARNING * * *
Your +1 flail of protection goes still.
You are now empty-clawed.
You closely miss the gnoll.
The gnoll is almost dead.
The gnoll hits you with a +0 club!
* * * LOW HITPOINT WARNING * * *
The gnoll hits you with a +0 halberd!
You die...

###.##.........
#......######
#...........#
#.###..####.#
#.# #†.# #.#
#).# #.#
#..####.## #.#
#.gg...... #.#
#.@g.....# #.#
##)####..# #.#
#.# .# #.. #.#
... #.. ###


You could see 3 gnolls.

Vanquished Creatures
  A gnoll shaman (D:4)
  An orc priest (D:4)
  A hound (D:4)
  An iguana (D:3)
  6 gnolls
  8 adders
  A worm (D:2)
  3 dart slugs
  3 orcs (D:4)
  3 endoplasms
  A giant cockroach (D:2)
  20 goblins
  10 hobgoblins
  4 quokkas
  3 ball pythons
  5 bats
  3 frilled lizards
  4 kobolds
  A rat (D:3)
79 creatures vanquished.

Notes
Turn   | Place    | Note
-------+----------+-------------------------------------------
     0 | D:1      | happo123 the Troll Berserker began the quest for the Orb.
     0 | D:1      | Reached XP level 1. HP: 22/22 MP: 0/0
     6 | D:1      | Found a faded altar of an unknown god.
   195 | D:1      | You fall into a shaft and drop 1 floor!
   200 | D:2      | Reached XP level 2. HP: 29/29 MP: 1/1
   252 | D:2      | Reached XP level 3. HP: 36/36 MP: 2/2
   271 | D:2      | Reached XP level 4. HP: 38/44 MP: 3/3
   367 | D:1      | Reached ** piety under Trog
   580 | D:2      | Reached skill level 4 in Unarmed Combat
   769 | D:2      | Reached skill level 1 in Maces & Flails
   921 | D:3      | Reached XP level 5. HP: 51/53 MP: 4/4
  1151 | D:3      | Found a sacrificial altar of Ru.
  1207 | D:3      | Reached *** piety under Trog
  1415 | D:4      | Identified the +5 rapier "Nivofeh" {vorpal, rPois}
  1593 | D:4      | Reached XP level 6. HP: 61/61 MP: 5/5
  1627 | D:4      | HP: 3/61 [gnoll/+0 club[a gnoll shaman] (7)]
  1627 | D:4      | Mangled by a gnoll

Illustrated notes

Levels and vault maps discovered:
D:1:      scummos_arrival_checkerplants, layout_rooms,
          chequers_ecumenical_altar_simple_redux, minmay_misc_feat_rows,
          moated_statue, minmay_unequal
D:2:      kennysheep_the_goblin_king, layout_rooms, st_stairs_10
D:3:      layout_rooms, nicolae_ru_path_of_blood, nicolae_figureground_pulse
D:4:      layout_loops_ring, nicolae_uskayaw_murder_on_the_dancefloor,
          dk_noncrumbling_3, roderic_batcave, nrook_mini_backslash,
          kennysheep_another_room, uniq_menkaure, uniq_sigmund

Skill      XL: |  1  2  3  4  5  6 |
---------------+-------------------+-----
Dodging        | 3 |  3.7
Unarmed Combat | 4 |  4.1
Fighting       | 3 |  3.2
Maces & Flails | 1 2 3 |  3.0
Stealth        | |  0.3

Action                   |  1- 3 |  4- 6 || total
-------------------------+-------+-------++-------
Melee: Unarmed           |    36 |     1 ||    37
       Flail             |     5 |   187 ||   192
       Punch             |       |     4 ||     4
Invok: Berserk           |     1 |     3 ||     4
Armor: Animal skin       |    13 |   116 ||   129
Dodge: Dodged            |    17 |   147 ||   164

Table legend: (Time is in decaauts)
 A = Elapsed time spent in this place.
 B = Non-inter-level travel time spent in this place.
 C = Inter-level travel time spent in this place.
 D = Time resting spent in this place.
 E = Time spent auto-exploring this place.
 F = Levels seen in this place.
 G = Mean time per level.
                   A        B        C        D        E       F      G
               +--------+--------+--------+--------+--------+-----+--------+
         Total |   1704 |   1251 |    453 |      0 |    736 |   4 |  426.0 |
       Dungeon |   1704 |   1251 |    453 |      0 |    736 |   4 |  426.0 |
               +--------+--------+--------+--------+--------+-----+--------+

Top non-repeatable levels by time:
     D:3: 500 daAuts
     D:2: 490 daAuts
     D:1: 453 daAuts
     D:4: 260 daAuts
